 Dungeon Crawl Stone Soup version 0.30-a0-134-gb40fab5 (webtiles) character file.

Game seed: 1775433025761874788

158 PublicAnimeNo1 the Digger (level 5, -25/38 HPs)
             Began as a Demonspawn Earth Elementalist on Sept 19, 2022.
             Killed by an exploding gnoll (45 damage)
             ... ignited by their inner flame
             ... on level 4 of the Dungeon.
             The game lasted 00:05:14 (2995 turns).

PublicAnimeNo1 the Digger (DsEE)                    Turns: 2995, Time: 00:05:14

Health: -25/38     AC:  2    Str: 14    XL:     5   Next: 16%
Magic:  8/8        EV: 14    Int: 23    God:
Gold:   140        SH:  0    Dex: 20    Spells: 7/8 levels left

rFire   . . .      SeeInvis .    j - +8 dagger of Supply {elec, Fragile Int+4 Dex+7}
rCold   . . .      Faith    .    (no shield)
rNeg    . . .      Spirit   .    a - +0 robe
rPois   .          Reflect  .    (helmet restricted)
rElec   .          Harm     .    (no cloak)
rCorr   .          Rampage  .    (no gloves)
Will    .....                    (no boots)
Stlth   ++........               (no amulet)
HPRegen 0.12/turn                i - +6 ring of strength
MPRegen 0.11/turn                (no ring)

@: no status effects
A: antennae 1, repulsion field 1, powered by death 1
a: no special abilities


You were on level 4 of the Dungeon.
You visited 1 branch of the dungeon, and saw 4 of its levels.

You collected 140 gold pieces.

Inventory:

Hand Weapons
 j - the +8 dagger of Supply (weapon) {elec, Fragile Int+4 Dex+7}
   (You found it on level 2 of the Dungeon)

   It occasionally discharges a powerful burst of electricity upon striking a
   foe.
   Int:       It affects your intelligence (+4).
   Dex:       It affects your dexterity (+7).
   Fragile:   It will be destroyed if unequipped.
Missiles
 h - 6 poisoned darts
 k - 4 curare-tipped darts
Armour
 a - a +0 robe (worn)
Jewellery
 i - a +6 ring of strength (left hand)
Scrolls
 d - 2 scrolls of butterflies
 l - 2 scrolls of summoning
Potions
 b - a potion of magic
 e - a potion of curing
 g - a potion of invisibility
 n - a potion of heal wounds


   Skills:
 + Level 2.2 Fighting
 * Level 2.1 Short Blades
 - Level 1.7 Dodging
 - Level 1.7 Stealth
 - Level 2.0 Spellcasting
 - Level 0.8 Transmutations
 + Level 4.1 Earth Magic


You had 7 spell levels left.
You knew the following spells:

 Your Spells              Type           Power      Damage    Failure   Level
a - Sandblast             Erth           42%        2d11      2%          1

Your spell library contained the following spells:

 Spells                   Type           Power      Damage    Failure   Level
 Passwall                 Tmut/Erth      10%        N/A       7%          2
 Stone Arrow              Conj/Erth      22%        3d8       16%         3
 Dazzling Flash           Conj/Hex       4%         N/A       36%         3
 Petrify                  Tmut/Erth      13%        N/A       41%         4
 Agony                    Necr           2%         N/A       98%         5
 Silence                  Hex/Air        1%         N/A       98%         5


Dungeon Overview and Level Annotations

Branches:
Dungeon (4/15)
 Temple: D:4-7

Altars:
Ru


Innate Abilities, Weirdness & Mutations

You have a pair of small antennae on your head.
You are surrounded by a mild repulsion field. (EV +2)
You regenerate a little health from kills.


Message History

Things that are here:
a +0 club; a +0 whip; 3 stones
There is a stone staircase leading down here.
You climb downwards.
Found a stone staircase leading up and a stone staircase leading down.
There is a stone staircase leading up here.
As you read the scroll labelled RAHAH FOILLARPH, it crumbles to dust.
It is a scroll of identify.
e - a potion of curing
As you read the scroll of identify, it crumbles to dust.
g - a potion of invisibility
As you read the scroll of identify, it crumbles to dust.
n - a potion of heal wounds
As you read the scroll labelled PUAROA GAOR, it crumbles to dust.
Wisps of shadow whirl around you...
It was a scroll of summoning.
As you read the scroll labelled ZIYTTYG TUCOG, it crumbles to dust.
The creatures around you are filled with an inner flame!
It was a scroll of immolation.
As you read the scroll labelled HUZUV CILOZOX, it crumbles to dust.
Your body is wracked with pain!
Your gnoll convulses!
Flame seeps out of your gnoll.
Your gnoll convulses!
Flame seeps out of your gnoll.
Your scorpion convulses!
Flame seeps out of your scorpion.
Your gnoll convulses!
Flame seeps out of your gnoll.
Your gnoll convulses!
Flame seeps out of your gnoll.
It was a scroll of torment.
Your scorpion is engulfed in blazing flames.
Flame seeps out of your scorpion.
Your gnoll is engulfed in blazing flames.
Your gnoll's corpse dissolves into shadows!
Your gnoll explodes!
The fiery explosion engulfs your gnoll!
Your gnoll's corpse dissolves into shadows!
The fiery explosion engulfs you!!!
Ouch! That really hurt!
You die...

# #.
####.#######.#
#....gs......#
#....○@<......
#.#.g§○###>###
####§# #.. ###


You could see a friendly scorpion (summoned, inner flame) and 2 friendly gnolls.

Vanquished Creatures
  An iguana (D:3)
  3 gnolls (D:3)
  4 adders
  A worm (D:1)
  3 dart slugs
  7 endoplasms
  10 goblins
  2 hobgoblins
  6 quokkas
  2 ball pythons
  3 bats (D:1)
  10 frilled lizards
  5 kobolds
  6 rats
63 creatures vanquished.

Vanquished Creatures (others)
  2 fungi (D:3)
  5 plants (D:3)
7 creatures vanquished.

Grand Total: 70 creatures vanquished

Notes
Turn   | Place    | Note
-------+----------+-------------------------------------------
     0 | D:1      | PublicAnimeNo1 the Demonspawn Earth Elementalist began the
                  | quest for the Orb.
     0 | D:1      | Reached XP level 1. HP: 13/13 MP: 3/3
   185 | D:1      | Reached skill level 3 in Earth Magic
   201 | D:1      | Gained mutation: You have a pair of small antennae on your
                  | head. [demonic ancestry]
   201 | D:1      | Reached XP level 2. HP: 14/20 MP: 0/5
   467 | D:1      | Found a faded altar of an unknown god.
   502 | D:1      | Reached skill level 1 in Fighting
  1162 | D:1      | Gained mutation: You are surrounded by a mild repulsion
                  | field. (EV +2) [demonic ancestry]
  1162 | D:1      | Reached XP level 3. HP: 14/26 MP: 0/6
  1464 | D:2      | Identified the +8 dagger of Supply {elec, Fragile Int+4
                  | Dex+7}
  1614 | D:2      | Reached XP level 4. HP: 33/33 MP: 5/7
  2175 | D:3      | Reached skill level 1 in Short Blades
  2451 | D:3      | Reached skill level 4 in Earth Magic
  2776 | D:3      | Found a sacrificial altar of Ru.
  2910 | D:3      | Gained mutation: You regenerate a little health from kills.
                  | [demonic ancestry]
  2910 | D:3      | Reached XP level 5. HP: 38/38 MP: 5/8
  2995 | D:4      | Killed by an exploding gnoll... ignited by their inner
                  | flame

Illustrated notes

Levels and vault maps discovered:
D:1:      dpeg_arrival_tiny_a, layout_basic, basic_ecumenical_altar,
          minmay_lizard_pond
D:2:      layout_loops_ring, basic_altar, dk_noncrumbling_3, serial_bayou_pond_b
D:3:      layout_loops_ring, nicolae_ru_the_path_less_chosen
D:4:      layout_loops_ring, uniq_crazy_yiuf_cottage

Skill      XL: |  1  2  3  4 |
---------------+-------------+-----
Earth Magic    | 3 4 |  4.1
Fighting       | 1 2 |  2.2
Short Blades   | 2 |  2.1
Dodging        | |  1.7
Stealth        | |  1.7
Spellcasting   | |  2.0
Transmutations | |  0.8

Action                   |  1- 3 |  4- 6 || total
-------------------------+-------+-------++-------
Melee: Unarmed           |    33 |       ||    33
       Spear             |    25 |       ||    25
       Dagger            |    12 |    31 ||    43
 Cast: Sandblast         |    32 |    11 ||    43
  Use: Scroll            |     1 |     6 ||     7
 Stab: Sleeping          |     5 |     5 ||    10
Armor: Robe              |     8 |     2 ||    10
Dodge: Dodged            |    47 |    18 ||    65

Table legend: (Time is in decaauts)
 A = Elapsed time spent in this place.
 B = Non-inter-level travel time spent in this place.
 C = Inter-level travel time spent in this place.
 D = Time resting spent in this place.
 E = Time spent auto-exploring this place.
 F = Levels seen in this place.
 G = Mean time per level.
                   A        B        C        D        E       F      G
               +--------+--------+--------+--------+--------+-----+--------+
         Total |   3019 |   2898 |    121 |    294 |   2154 |   4 |  754.8 |
       Dungeon |   3019 |   2898 |    121 |    294 |   2154 |   4 |  754.8 |
               +--------+--------+--------+--------+--------+-----+--------+

Top non-repeatable levels by time:
     D:1: 1422 daAuts
     D:3: 826 daAuts
     D:2: 765 daAuts
     D:4: 5 daAuts
